[Event "Titled Tuesday Blitz October 11 Early 2022"]
[White "Salman, Pavel"]
[Black "Onslow, Alfie"]
[WhiteFideId "24153753"]
[BlackFideId "436976"]
[WhiteElo "2187"]
[BlackElo "2015"]
[Result "1-0"]
[Round "04"]
[TimeControl "180+1"]
[Date "2022.10.12"]
[WhiteClock "0:00:10"]
[BlackClock "0:00:01"]

1. Nf3 c5 2. g3 Nc6 3. Bg2 e5 4. O-O Nf6 5. d3 Be7 6. e4 O-O 7. Nc3 d6 8. Re1 h6 9. h3 Be6 10. Kh2 a6 11. Nh4 b5 12. f4 exf4 13. Bxf4 Nd7 14. Nf5 Nde5 15. Nd5 Bg5 16. Qh5 Nd4 17. Bxg5 Qxg5 18. Qxg5 hxg5 19. Nde3 Nef3+ 20. Bxf3 Nxf3+ 21. Kg2 Nxe1+ 22. Rxe1 Bxf5 23. Nxf5 Rfd8 24. c4 f6 25. b3 Kf7 26. g4 b4 27. a4 bxa3 28. Ra1 a5 29. Rxa3 g6 30. Ne3 Rdb8 31. Nd5 Rb7 32. Kf3 Ra6 33. Ke3 Ke6 34. Kd2 Ra8 35. Kc3 Rba7 36. Ra1 Rh8 37. Rf1 a4 38. Rxf6+ Ke5 39. Rxg6 a3 40. Rxg5+ Ke6 41. Rg6+ Kf7 42. Rf6+ Kg7 43. Rf1 a2 44. Ra1 Rxh3 45. g5 Rh2 46. d4 Rh3+ 47. Kb2 cxd4 48. Nf4 Rh2+ 49. Kc1 Rh1+ 50. Kb2 Rh2+ 51. Kc1 Rf2 52. Nd3 Rf1+ 53. Kb2 Rxa1 54. Kxa1 Kg6 55. e5 dxe5 56. Nxe5+ Kxg5 57. Nc6 d3 58. Nxa7 d2 59. Kxa2 d1=Q 60. Nb5 Qe2+ 61. Ka3 Qd1 62. Kb4 Qa1 63. c5 Kf6 64. Nd6 Ke6 65. Kb5 Kd5 66. b4 Qf1+ 67. Kb6 Qb1 68. b5 Qc2 69. Nb7 Qd3 70. c6 Qg6 71. Kc7 Qf7+ 72. Kb8 Qe8+ 73. Ka7 Qc8 74. Kb6 1-0


[Site "https://www.chess.com"]

[Event "Titled Tuesday Blitz October 11 Early 2022"]
[White "Samaganova, Aleksandra"]
[Black "Hajiyev, Kanan"]
[WhiteFideId "13800221"]
[BlackFideId "13404148"]
[WhiteElo "1864"]
[BlackElo "2118"]
[Result "0-1"]
[Round "04"]
[TimeControl "180+1"]
[Date "2022.10.12"]
[WhiteClock "0:00:01"]
[BlackClock "0:00:02"]

1. c4 e5 2. Nc3 c6 3. Nf3 Bd6 4. e3 Bc7 5. d4 d6 6. Be2 Nf6 7. d5 O-O 8. O-O e4 9. Nd2 Qe7 10. Qc2 Re8 11. b3 Bf5 12. Bb2 Nbd7 13. b4 Ne5 14. a4 h5 15. Nb3 h4 16. Nd4 Bg6 17. dxc6 bxc6 18. b5 c5 19. Nc6 Nxc6 20. bxc6 Qe6 21. Rfd1 h3 22. g3 Ng4 23. Nd5 Rac8 24. Qc3 f6 25. Nf4 Qf5 26. Rd5 Ne5 27. Rad1 Bf7 28. R5d2 Nxc6 29. Bf1 Ba5 30. Qc2 Bxd2 31. Rxd2 Ne5 32. Bxh3 Nf3+ 33. Kh1 Qg5 34. Rd1 Rcd8 35. Bc3 Qh6 36. Kg2 g5 37. Nd5 Bxd5 38. Rxd5 g4 39. Bxg4 Qxh2+ 40. Kf1 Qg1+ 41. Ke2 Ng5 42. Bxf6 Nf7 43. Bh5 Qh1 44. Bxf7+ Kxf7 45. Bxd8 Qf3+ 46. Ke1 Rxd8 47. Qc3 Rb8 48. Qc2 Rb4 49. Rxd6 Ke7 50. Rd1 a5 51. Qd2 Qf5 52. Qd8+ Kf7 53. Rd7+ Kg6 54. Qg8+ Kh6 55. Qg7+ Kh5 56. Qh8+ Kg4 57. Qh4+ Kf3 0-1


[Site "https://www.chess.com"]

[Event "Titled Tuesday Blitz October 11 Early 2022"]
[White "Samant Aditya S"]
[Black "Boraso, Alessio"]
[WhiteFideId "35080580"]
[BlackFideId "848077"]
[WhiteElo "2367"]
[BlackElo "2286"]
[Result "1-0"]
[Round "04"]
[TimeControl "180+1"]
[Date "2022.10.12"]
[WhiteClock "0:00:05"]
[BlackClock "0:00:01"]

1. e4 c5 2. Nf3 e6 3. d4 cxd4 4. Nxd4 Nc6 5. Nc3 Nf6 6. Ndb5 Bc5 7. Nd6+ Ke7 8. Bf4 e5 9. Nf5+ Kf8 10. Bg5 d6 11. Ne3 Be6 12. Bd3 h6 13. Bxf6 Qxf6 14. Ncd5 Qd8 15. O-O Ne7 16. Bc4 Rc8 17. Bb3 h5 18. Kh1 h4 19. f4 exf4 20. Rxf4 Ng6 21. Rf1 Qg5 22. Nf5 Ne5 23. Nf4 Bxf5 24. exf5 Ng4 25. Qd5 Rc7 26. Ne6+ fxe6 27. fxe6+ Qf6 28. Rxf6+ Nxf6 29. Qf5 Ke8 30. Qg6+ Kf8 31. Rf1 Bd4 32. c3 Be5 33. Qd3 Ke7 34. Qg6 Kf8 35. Re1 Rh6 36. Qd3 Ke7 37. Qe3 Rg6 38. Qxa7 Ng4 39. h3 Nh6 40. Rf1 Rg5 41. Qb8 d5 42. Qf8+ Kxe6 43. Rd1 Bd6 44. Qf3 Re5 45. Bxd5+ Ke7 46. Be4 Nf7 47. Rf1 Ng5 48. Qf8+ Kd7 49. Qxg7+ Kd8 50. Qh8+ Kd7 51. Qg7+ Kd8 52. Qg8+ Kd7 53. Bf5+ Kc6 54. Qc4+ Kb6 55. Qb3+ Rb5 56. Qc2 Rf7 57. Bd3 Rxf1+ 58. Bxf1 Re5 59. Qf2+ Kc7 60. a4 Ne4 61. Qf7+ Re7 62. Qf3 Ng3+ 63. Kg1 Bc5+ 64. Kh2 1-0


[Site "https://www.chess.com"]

[Event "Titled Tuesday Blitz October 11 Early 2022"]
[White "Sarana, Alexey"]
[Black "Tsaruk, Maksim"]
[WhiteFideId "24133795"]
[BlackFideId "13511173"]
[WhiteElo "2689"]
[BlackElo "2273"]
[Result "1-0"]
[Round "04"]
[TimeControl "180+1"]
[Date "2022.10.11"]
[WhiteClock "0:00:15"]
[BlackClock "0:00:02"]

1. c4 e5 2. Nc3 Nf6 3. Nf3 Nc6 4. g3 d5 5. cxd5 Nxd5 6. Bg2 Nb6 7. O-O Be7 8. d3 O-O 9. a3 Be6 10. Be3 f6 11. Rc1 Nd4 12. Ne4 c6 13. Nc5 Bxc5 14. Rxc5 Nxf3+ 15. Bxf3 Bd5 16. Bxd5+ Nxd5 17. Qb3 Qe7 18. Rfc1 Rf7 19. Bd2 Rd8 20. e4 Nb6 21. Ba5 Qd6 22. R1c3 Nd7 23. Rxc6 bxc6 24. Bxd8 Nc5 25. Qb4 Nxe4 26. dxe4 Qxd8 27. Rxc6 h5 28. Qc4 Qd7 29. h4 Kh7 30. Kg2 Kg6 31. b4 Qg4 32. f3 Qd7 33. Qd5 Qb7 34. Rd6 Qc8 35. Qxe5 Qc2+ 36. Kh3 Qc8+ 37. Qe6 Qc1 38. Qf5+ Kh6 39. Qf4+ Qxf4 40. gxf4 Rc7 41. Kg3 a5 42. bxa5 Rc3 43. a4 Rc4 44. a6 Rxa4 45. e5 Kg6 46. e6 Ra2 47. f5+ Kxf5 48. e7 Re2 49. a7 1-0


[Site "https://www.chess.com"]

[Event "Titled Tuesday Blitz October 11 Early 2022"]
[White "Saucey, Michel"]
[Black "Gilmanov, Mansur"]
[WhiteFideId "601845"]
[BlackFideId "4166868"]
[WhiteElo "2253"]
[BlackElo "2377"]
[Result "1-0"]
[Round "04"]
[TimeControl "180+1"]
[Date "2022.10.12"]
[WhiteClock "0:01:13"]
[BlackClock "0:00:13"]

1. d4 f5 2. g3 e6 3. Bg2 c6 4. Nf3 d5 5. O-O Nf6 6. c4 Bd6 7. b3 Qe7 8. a4 O-O 9. Ba3 b6 10. Bxd6 Qxd6 11. Nbd2 a5 12. e3 Na6 13. Qe2 Nb4 14. Rfc1 Ba6 15. Ne5 Rac8 16. Nd3 Ne4 17. Nxe4 fxe4 18. Nxb4 Qxb4 19. Bh3 Rf6 20. Qd1 Rcf8 21. cxd5 Rxf2 22. dxe6 Qd6 23. Qg4 Be2 24. Qxe4 Bf3 25. Qe5 Qb4 26. e7 Re8 27. Kxf2 Qxa4 1-0


[Site "https://www.chess.com"]

[Event "Titled Tuesday Blitz October 11 Early 2022"]
[White "Seo, Jung Min"]
[Black "Lopez, Henry"]
[WhiteFideId "1734687"]
[BlackFideId "5203830"]
[WhiteElo "2455"]
[BlackElo "2177"]
[Result "0-1"]
[Round "04"]
[TimeControl "180+1"]
[Date "2022.10.12"]
[WhiteClock "0:01:25"]
[BlackClock "0:00:53"]

1. e4 c5 2. Ne2 Nc6 3. Nbc3 g6 4. d4 cxd4 5. Nxd4 Bg7 6. Be3 Nf6 7. Bc4 O-O 8. Bb3 d6 9. h3 Na5 10. Qd2 a6 11. Bh6 Nxb3 12. axb3 Re8 13. Bxg7 Kxg7 14. O-O Bd7 15. Rfe1 Qc7 16. Nd5 Nxd5 17. exd5 Rac8 18. c4 Rcd8 19. h4 e5 20. dxe6 fxe6 21. h5 Qc5 22. h6+ Kg8 23. Rad1 Qh5 24. Ne2 Bc6 25. Ng3 Qg4 26. Qc3 e5 27. Rd2 Qg5 28. Red1 Qxh6 29. Rxd6 Rxd6 30. Rxd6 Qf4 31. Nf1 Rf8 32. Rd2 h5 33. Ne3 Be4 34. Nd5 Qg5 35. Qe3 Qxg2# 0-1


[Site "https://www.chess.com"]

[Event "Titled Tuesday Blitz October 11 Early 2022"]
[White "Sernecki, Franciszek"]
[Black "Leve, Nitai"]
[WhiteFideId "1169297"]
[BlackFideId "2006898"]
[WhiteElo "2209"]
[BlackElo "2144"]
[Result "1-0"]
[Round "04"]
[TimeControl "180+1"]
[Date "2022.10.12"]
[WhiteClock "0:00:23"]
[BlackClock "0:00:02"]

1. c4 c6 2. Nc3 d5 3. cxd5 cxd5 4. d4 Nf6 5. Bg5 Nc6 6. Bxf6 exf6 7. Nf3 Be7 8. Qb3 Be6 9. Qxb7 Nb4 10. Rc1 Rb8 11. Qxa7 Ra8 12. Qb7 O-O 13. a3 Rb8 14. Qa7 Ra8 15. Qb7 Rb8 16. Qa7 Ra8 17. Qxa8 Qxa8 18. axb4 Bxb4 19. e3 Qa2 20. Rc2 Bf5 21. Rd2 Qa1+ 22. Ke2 Rc8 23. Ne1 Bxc3 24. bxc3 Rxc3 25. f3 Rc1 26. Nd3 Bxd3+ 27. Rxd3 Qb2+ 28. Rd2 Rc2 29. Rxc2 Qxc2+ 30. Ke1 Qc1+ 31. Kf2 g5 32. g3 h5 33. h4 g4 34. fxg4 hxg4 35. Rg1 Kg7 36. Be2 Qd2 37. Rd1 Qc3 38. Bxg4 f5 39. Bxf5 Qb2+ 40. Kf3 Kf6 41. Bd3 Qb3 42. Rd2 Qc3 43. Ke2 Qc1 44. Rd1 Qb2+ 45. Kf3 Qh2 46. Rf1 Kg7 47. Be2 f5 48. Bd3 Kf6 49. Rf2 Qh1+ 50. Ke2 Qc1 51. Rxf5+ Ke6 52. Re5+ Kd6 53. Bf5 Qg1 54. Kf3 Qf1+ 55. Kg4 Qe2+ 56. Kg5 Qg2 57. g4 Qg3 58. h5 Qe1 59. h6 Qa5 60. Re6+ Kc7 61. Re7+ Kd8 62. Rd7+ Ke8 63. h7 1-0


[Site "https://www.chess.com"]

[Event "Titled Tuesday Blitz October 11 Early 2022"]
[White "Shandrygin, Nikita"]
[Black "Pappelis, Dimitrios"]
[WhiteFideId "24198668"]
[BlackFideId "4215281"]
[WhiteElo "2323"]
[BlackElo "2104"]
[Result "1-0"]
[Round "04"]
[TimeControl "180+1"]
[Date "2022.10.12"]
[WhiteClock "0:00:19"]
[BlackClock "0:00:36"]

1. e4 c5 2. Nf3 Nc6 3. d4 cxd4 4. Nxd4 Nf6 5. Nc3 e5 6. Ndb5 d6 7. Bg5 a6 8. Na3 Be6 9. Nd5 Bxd5 10. exd5 Qa5+ 11. c3 Qxd5 12. Bxf6 Qxd1+ 13. Rxd1 gxf6 14. Nc4 Rd8 15. Ne3 Be7 16. Nd5 f5 17. Bd3 e4 18. Be2 Rg8 19. g3 Ne5 20. Ne3 f4 21. gxf4 Nf3+ 22. Bxf3 exf3 23. Kd2 Bh4 24. Rdf1 Kd7 25. Nf5 Bf6 26. Ke3 Ke6 27. Ng3 d5 28. Kxf3 d4 29. Re1+ Kd5 30. Ne4 Bh8 31. Rd1 f5 32. Ng5 Bf6 33. Nxh7 Bg7 34. cxd4 Bxd4 35. Nf6+ 1-0


[Site "https://www.chess.com"]

[Event "Titled Tuesday Blitz October 11 Early 2022"]
[White "Shapiro, Daniel"]
[Black "Aslanov, Umid"]
[WhiteFideId "2001780"]
[BlackFideId "13412620"]
[WhiteElo "2225"]
[BlackElo "2173"]
[Result "1/2-1/2"]
[Round "04"]
[TimeControl "180+1"]
[Date "2022.10.12"]
[WhiteClock "0:00:04"]
[BlackClock "0:01:00"]

1. d4 d5 2. c4 e6 3. Nf3 Nf6 4. g3 dxc4 5. Bg2 Nc6 6. Qa4 Bb4+ 7. Bd2 Nd5 8. Bxb4 Nxb4 9. a3 b5 10. Qxb5 Nc2+ 11. Kd2 Nxa1 12. Qxc6+ Bd7 13. Qxc4 Rb8 14. b4 Bb5 15. Qc3 O-O 16. Qxa1 a5 17. Rc1 axb4 18. axb4 Ra8 19. Qb2 Ra6 20. Nc3 c6 21. Nxb5 cxb5 22. Ke1 Qd6 23. Ne5 f6 24. Nd3 Rd8 25. e3 Ra7 26. Rc6 Qd7 27. Nc5 Qf7 28. Rxe6 Rc8 29. Bd5 Kh8 30. Rc6 Qe8 31. Rxc8 Qxc8 32. Kf1 Qh3+ 33. Kg1 h5 34. Bg2 Qf5 35. h4 Qg6 36. d5 f5 37. d6 Qxd6 38. Qd4 Qe7 39. Nd3 Rd7 40. Qc3 Qd6 41. Nf4 Qd1+ 42. Kh2 Qd2 43. Qxd2 Rxd2 44. Ne6 Rxf2 45. Nd4 Rb2 46. Nxb5 Rxb4 47. Nd4 g6 48. Bf3 Kg7 49. Kg2 Kf6 50. Kf1 Rb2 51. Ne2 Ke5 52. Nf4 Kf6 53. Nd5+ Ke6 54. Nf4+ Kf6 55. Nd5+ Kf7 56. Nf4 Kg7 57. Nh3 Kh6 58. Nf4 g5 59. hxg5+ Kxg5 60. Nxh5 Rb3 61. Nf4 Rxe3 62. Kf2 Ra3 63. Ne2 Ra2 64. Ke3 Ra7 65. Nf4 Re7+ 66. Kf2 Rh7 67. Ne2 Rh2+ 68. Ke3 Rh3 69. Kf2 Kf6 70. Ke3 Ke5 71. Kf2 Kd6 72. Ke3 Kc5 73. Kf4 Kc4 74. Kxf5 Kd3 75. Bg4 Rh1 76. Kf4 Rf1+ 77. Bf3 Kc4 78. g4 Kc5 79. g5 Kd6 80. g6 Ke6 81. Kg4 Kf6 82. Be4 Re1 83. Ng3 Rxe4+ 84. Nxe4+ Kxg6 1/2-1/2


[Site "https://www.chess.com"]

[Event "Titled Tuesday Blitz October 11 Early 2022"]
[White "Sharifov, Mekhriddin"]
[Black "Mesa Cruz, Juan Carlos"]
[WhiteFideId "14701545"]
[BlackFideId "6423400"]
[WhiteElo "2109"]
[BlackElo "2059"]
[Result "1-0"]
[Round "04"]
[TimeControl "180+1"]
[Date "2022.10.12"]
[WhiteClock "0:00:44"]
[BlackClock "0:00:04"]

1. e4 c5 2. Nf3 d6 3. d4 cxd4 4. Nxd4 Nf6 5. Nc3 a6 6. Bg5 e6 7. f4 Be7 8. Qf3 Qc7 9. O-O-O Nbd7 10. g4 b5 11. Bxf6 Nxf6 12. g5 Nd7 13. f5 O-O 14. Qh5 b4 15. Rd3 g6 16. Qh6 bxc3 17. Rh3 Bxg5+ 18. Qxg5 Qb6 19. Nb3 cxb2+ 20. Kb1 exf5 21. exf5 Bb7 22. fxg6 fxg6 23. Bc4+ d5 24. Bxd5+ Bxd5 25. Qxd5+ Rf7 26. Rf1 Rf8 27. Rhf3 Ne5 28. Qxe5 Rxf3 29. Qd5+ R3f7 30. Nc5 Qb5 31. Rxf7 Rxf7 32. a4 Qe8 33. Ne6 Qe7 34. Ng5 Qf6 35. Nxf7 Qxf7 36. Qa8+ Kg7 37. Qxa6 Qf6 38. Qxf6+ Kxf6 39. a5 Ke5 40. a6 Kd6 41. a7 Kc7 42. a8=Q 1-0


[Site "https://www.chess.com"]

[Event "Titled Tuesday Blitz October 11 Early 2022"]
[White "Shkuran, Danylo"]
[Black "Barria Zuniga, Daniel"]
[WhiteFideId "14106248"]
[BlackFideId "3400816"]
[WhiteElo "2427"]
[BlackElo "2414"]
[Result "1/2-1/2"]
[Round "04"]
[TimeControl "180+1"]
[Date "2022.10.12"]
[WhiteClock "0:00:14"]
[BlackClock "0:00:14"]

1. d4 g6 2. c4 Bg7 3. Nc3 c5 4. e3 Nf6 5. Nf3 O-O 6. g3 d5 7. cxd5 Nxd5 8. Bg2 Nc6 9. O-O cxd4 10. Nxd5 Qxd5 11. Nxd4 Qc5 12. Nxc6 bxc6 13. Qa4 Rb8 14. Qxc6 Qxc6 15. Bxc6 Ba6 16. Rd1 Rfc8 17. Be4 Bxb2 18. Rb1 Bf6 19. Ba3 Bc4 20. Rxb8 Rxb8 21. Bc5 a5 22. a3 Rc8 23. Bb6 a4 24. Rd8+ Rxd8 25. Bxd8 Kf8 26. Ba5 e6 27. Bc6 Bb3 28. Bb4+ Be7 29. Bxe7+ Kxe7 30. Kf1 Kd6 31. Be8 e5 32. Ke2 Kc5 33. Kd2 f5 34. Kc3 g5 35. Bd7 f4 36. exf4 exf4 37. Be8 fxg3 38. fxg3 h6 39. Bg6 Bd1 40. Be8 Bb3 1/2-1/2


[Site "https://www.chess.com"]

[Event "Titled Tuesday Blitz October 11 Early 2022"]
[White "Shvedova, Alexandra"]
[Black "Wiegmann, Sascha"]
[WhiteFideId "54154782"]
[BlackFideId "4682041"]
[WhiteElo "2090"]
[BlackElo "2262"]
[Result "1-0"]
[Round "04"]
[TimeControl "180+1"]
[Date "2022.10.12"]
[WhiteClock "0:01:33"]
[BlackClock "0:00:14"]

1. Nf3 Nf6 2. c4 g6 3. b3 Bg7 4. Bb2 O-O 5. e3 c6 6. Be2 d5 7. O-O a5 8. d4 Bg4 9. h3 Bxf3 10. Bxf3 Nbd7 11. Nd2 a4 12. Qc1 Re8 13. e4 dxe4 14. Nxe4 Nxe4 15. Bxe4 e5 16. d5 Nf6 17. f3 cxd5 18. Rd1 d4 19. Bxb7 Rb8 20. Bc6 axb3 21. Bxe8 Qxe8 22. axb3 Rxb3 23. Qc2 Rb8 24. Re1 Nd7 25. Bxd4 Qc8 26. Bf2 Qc6 27. Qe4 Qc7 28. Ra7 Qc8 29. Rd1 Nf6 30. Qxe5 h5 31. Qe7 Qf8 32. Qxf8+ Rxf8 33. c5 Rc8 34. Rb1 Nd5 35. Rbb7 Re8 36. Rxf7 Bh8 37. Rfd7 Nf4 38. c6 Rc8 39. c7 Be5 40. Rd8+ Kf7 41. Rxc8 1-0


[Site "https://www.chess.com"]

[Event "Titled Tuesday Blitz October 11 Early 2022"]
[White "Silva, Pedro Gil Ferreira Da"]
[Black "Winkels, Marcel"]
[WhiteFideId "1946102"]
[BlackFideId "1003887"]
[WhiteElo "2170"]
[BlackElo "1900"]
[Result "1-0"]
[Round "04"]
[TimeControl "180+1"]
[Date "2022.10.12"]
[WhiteClock "0:01:14"]
[BlackClock "0:00:32"]

1. Nf3 Nf6 2. c4 g6 3. g3 c6 4. Bg2 d5 5. O-O Bg7 6. cxd5 cxd5 7. d4 O-O 8. Nc3 Ne4 9. Ne5 Bf5 10. Qb3 Nxc3 11. bxc3 Nc6 12. Bf4 Nxe5 13. Bxe5 Bxe5 14. dxe5 e6 15. Qxb7 Rc8 16. Qxa7 Rxc3 17. Qd4 Qc7 18. h4 h5 19. a4 Ra8 20. Qf4 Rc4 21. Qe3 Rcxa4 22. Rxa4 Rxa4 23. Rc1 Rc4 24. Ra1 Kg7 25. Ra7 Qd8 26. Qb3 Rc1+ 27. Kh2 g5 28. Qe3 Rc2 29. hxg5 d4 30. Qf4 d3 31. exd3 Qxd3 32. g6 Bxg6 33. Qf6+ Kh7 34. Ra8 1-0


[Site "https://www.chess.com"]

[Event "Titled Tuesday Blitz October 11 Early 2022"]
[White "Skliarov, Viktor"]
[Black "Carbone, Diego"]
[WhiteFideId "14106736"]
[BlackFideId "3002179"]
[WhiteElo "2284"]
[BlackElo "2243"]
[Result "0-1"]
[Round "04"]
[TimeControl "180+1"]
[Date "2022.10.12"]
[WhiteClock "0:00:06"]
[BlackClock "0:01:13"]

1. e4 e5 2. Nc3 Nf6 3. Bc4 Nxe4 4. Qh5 Nd6 5. Bb3 Be7 6. Qxe5 O-O 7. d4 Nc6 8. Qf4 Re8 9. Nge2 a5 10. a4 b6 11. Be3 Ba6 12. O-O-O Nb4 13. Ng3 Bc4 14. Bxc4 Nxc4 15. h4 Bd6 16. Qf3 Bxg3 17. Qxg3 c6 18. Bg5 f6 19. Bf4 Qe7 20. h5 d5 21. Qf3 b5 22. axb5 a4 23. Kb1 a3 24. Bc1 a2+ 0-1


[Site "https://www.chess.com"]

[Event "Titled Tuesday Blitz October 11 Early 2022"]
[White "Slaby, Jerzy"]
[Black "Azarov, Sergei"]
[WhiteFideId "1121405"]
[BlackFideId "13501470"]
[WhiteElo "2545"]
[BlackElo "2494"]
[Result "0-1"]
[Round "04"]
[TimeControl "180+1"]
[Date "2022.10.12"]
[WhiteClock "0:00:01"]
[BlackClock "0:00:18"]

1. e4 e5 2. Nf3 Nc6 3. Bb5 a6 4. Bxc6 dxc6 5. O-O Ne7 6. Nc3 Ng6 7. d4 exd4 8. Qxd4 Qxd4 9. Nxd4 Bd7 10. Be3 O-O-O 11. f3 Bb4 12. Rad1 Rhe8 13. Bf2 Bxc3 14. bxc3 Ne5 15. Rfe1 b6 16. h3 a5 17. f4 Nc4 18. e5 c5 19. Nf3 Bf5 20. Rc1 h5 21. Bh4 Rd7 22. Kf2 Kb7 23. Red1 Rxd1 24. Rxd1 Kc6 25. Rc1 Kb5 26. Ng5 Re7 27. Kf3 Nd2+ 28. Ke3 Rd7 29. Be1 Nc4+ 30. Kf3 f6 31. exf6 gxf6 32. Ne4 Bxe4+ 33. Kxe4 Nd6+ 34. Kf3 f5 35. g4 hxg4+ 36. hxg4 fxg4+ 37. Kxg4 Rf7 38. Bd2 Kc4 39. Rf1 Ne4 40. Be1 Nxc3 41. Bxc3 Kxc3 42. Rf2 b5 43. f5 a4 44. f6 b4 45. Kf5 c4 46. Ke6 Rf8 47. Ke7 Ra8 48. f7 b3 49. cxb3 axb3 50. axb3 cxb3 51. Rf3+ Kb4 52. Rf4+ Ka3 53. Rf3 c5 54. Kd6 Kb4 0-1


[Site "https://www.chess.com"]

[Event "Titled Tuesday Blitz October 11 Early 2022"]
[White "Sowul, Bartosz"]
[Black "Rozen, Eytan"]
[WhiteFideId "1137590"]
[BlackFideId "2816750"]
[WhiteElo "2188"]
[BlackElo "2362"]
[Result "0-1"]
[Round "04"]
[TimeControl "180+1"]
[Date "2022.10.12"]
[WhiteClock "0:00:03"]
[BlackClock "0:00:02"]

1. e4 c6 2. d4 d5 3. exd5 cxd5 4. Nf3 Nc6 5. Bb5 Nf6 6. Ne5 Qa5+ 7. Nc3 Qc7 8. Bf4 Qb6 9. a4 a5 10. O-O e6 11. Qf3 Be7 12. Qg3 Nh5 13. Qg4 Nxf4 14. Qxf4 O-O 15. Ne2 f6 16. Nxc6 bxc6 17. Bd3 e5 18. dxe5 g5 19. Qg3 f5 20. Qe3 c5 21. c4 d4 22. Qd2 f4 23. Qc2 h6 24. f3 Rb8 25. Rab1 Kg7 26. b3 Be6 27. Nc1 Qc7 28. Qe2 Rb6 29. Bc2 Bg8 30. Nd3 Bh7 31. Rbe1 Re6 32. Nf2 Bxc2 33. Qxc2 Rxe5 34. Ng4 Re3 35. Rxe3 fxe3 36. Qe4 Bf6 37. f4 Qe7 0-1


[Site "https://www.chess.com"]

[Event "Titled Tuesday Blitz October 11 Early 2022"]
[White "Stribuk, Artiom"]
[Black "Shuvalova, Polina"]
[WhiteFideId "13515659"]
[BlackFideId "24171760"]
[WhiteElo "2279"]
[BlackElo "2392"]
[Result "0-1"]
[Round "04"]
[TimeControl "180+1"]
[Date "2022.10.11"]
[WhiteClock "0:00:05"]
[BlackClock "0:00:26"]

1. d4 Nf6 2. c4 e6 3. g3 d5 4. Bg2 Bb4+ 5. Bd2 Be7 6. Nf3 Nbd7 7. Qc2 c6 8. O-O b6 9. Nc3 Bb7 10. e4 dxc4 11. e5 Nd5 12. Ne4 b5 13. h4 h6 14. b3 cxb3 15. axb3 a5 16. h5 Qb6 17. Rfc1 b4 18. Nc5 Nxc5 19. dxc5 Qc7 20. Qe4 O-O 21. Bf1 Ba6 22. Rc4 Bxc4 23. bxc4 f5 24. exf6 Bxf6 25. Re1 Nc3 26. Qxe6+ Qf7 27. Qxc6 Qxh5 28. Bg2 Rac8 29. Qe6+ Qf7 30. Qb6 Qc7 31. Qe6+ Qf7 32. Qb6 Qxc4 33. Bh3 Qxc5 34. Qe6+ Kh8 35. Kg2 Qc6 36. Qg4 Rcd8 37. Bf4 Rd3 38. Re3 Rxe3 39. fxe3 b3 40. Qg6 Qe8 41. Qd3 b2 42. Nd2 a4 43. Bf5 a3 44. e4 a2 45. e5 Bxe5 46. Bg6 Qa8+ 47. Nf3 0-1


[Site "https://www.chess.com"]

[Event "Titled Tuesday Blitz October 11 Early 2022"]
[White "Tarasova, Viktoriya"]
[Black "Poltorak, Sebastian"]
[WhiteFideId "4175840"]
[BlackFideId "1199498"]
[WhiteElo "2182"]
[BlackElo "2232"]
[Result "0-1"]
[Round "04"]
[TimeControl "180+1"]
[Date "2022.10.12"]
[WhiteClock "0:00:08"]
[BlackClock "0:00:59"]

1. d4 Nf6 2. c4 g6 3. Nc3 d5 4. cxd5 Nxd5 5. g3 Bg7 6. Bg2 Nxc3 7. bxc3 O-O 8. e3 c6 9. Ne2 Nd7 10. O-O e5 11. a4 Re8 12. Ba3 Nb6 13. a5 Nc4 14. Bb4 Be6 15. e4 f6 16. d5 Bf7 17. Qd3 cxd5 18. exd5 Nd6 19. c4 e4 20. Qb3 f5 21. Rac1 Rc8 22. Rfd1 b6 23. a6 Qc7 24. c5 bxc5 25. Bxc5 Qd7 26. Nf4 Rb8 27. Qa2 Rec8 28. Ne6 Be5 29. Bf1 Nb5 30. Bxb5 Rxb5 31. Bxa7 Rxc1 32. Rxc1 Rxd5 0-1


[Site "https://www.chess.com"]

[Event "Titled Tuesday Blitz October 11 Early 2022"]
[White "Terry, Renato"]
[Black "Molina, Roberto Junio Brito"]
[WhiteFideId "3803457"]
[BlackFideId "2109450"]
[WhiteElo "2577"]
[BlackElo "2388"]
[Result "1-0"]
[Round "04"]
[TimeControl "180+1"]
[Date "2022.10.11"]
[WhiteClock "0:01:47"]
[BlackClock "0:00:18"]

1. Nf3 d5 2. e3 c6 3. b3 Bg4 4. Bb2 Nd7 5. h3 Bh5 6. d3 e6 7. Nbd2 Ngf6 8. Qe2 Bd6 9. g4 Bg6 10. Nh4 Qe7 11. a3 O-O 12. Bg2 Ne8 13. Nxg6 fxg6 14. O-O Be5 15. d4 Bd6 16. c4 Nef6 17. f4 a5 18. Bf3 h6 19. h4 Ne8 20. g5 Bc7 21. c5 e5 22. fxe5 hxg5 23. h5 gxh5 24. Bxh5 Rxf1+ 25. Rxf1 Nf8 26. Bf7+ Qxf7 27. Rxf7 Kxf7 28. Qh5+ g6 29. Qxg5 Ne6 30. Qg4 N8g7 31. e4 dxe4 32. Nxe4 Nf5 33. Nd6+ Bxd6 34. exd6 Re8 35. b4 axb4 36. axb4 Ra8 37. Qf3 Ra2 38. Qb3 Ra8 39. d5 cxd5 40. Qxd5 Ra7 41. d7 Ra8 1-0


[Site "https://www.chess.com"]

[Event "Titled Tuesday Blitz October 11 Early 2022"]
[White "Tharushi, T H D Niklesha"]
[Black "Karavade, Eesha"]
[WhiteFideId "9918264"]
[BlackFideId "5012600"]
[WhiteElo "1596"]
[BlackElo "2258"]
[Result "0-1"]
[Round "04"]
[TimeControl "180+1"]
[Date "2022.10.12"]
[WhiteClock "0:02:35"]
[BlackClock "0:02:39"]

1. e4 c5 2. Nf3 d6 3. Bb5+ Nd7 4. a4 a6 5. Be2 b6 6. d4 cxd4 7. Nxd4 Bb7 8. Nc3 Ngf6 9. Bf3 g6 10. O-O Bg7 11. Re1 O-O 12. Bg5 h6 13. Bh4 Ne5 0-1


[Site "https://www.chess.com"]

[Event "Titled Tuesday Blitz October 11 Early 2022"]
[White "Tiarks, Jann-Christian"]
[Black "Shuvalov, Evgenij"]
[WhiteFideId "12951595"]
[BlackFideId "4187237"]
[WhiteElo "2194"]
[BlackElo "2049"]
[Result "0-1"]
[Round "04"]
[TimeControl "180+1"]
[Date "2022.10.12"]
[WhiteClock "0:00:17"]
[BlackClock "0:01:04"]

1. e4 e6 2. d4 d5 3. Nc3 Bb4 4. a3 Bxc3+ 5. bxc3 dxe4 6. Qg4 Nf6 7. Qxg7 Rg8 8. Qh6 c5 9. Qe3 cxd4 10. cxd4 Nc6 11. c3 Ne7 12. g3 Bd7 13. Bg2 Bc6 14. c4 Nf5 15. Qc3 Qxd4 16. Bb2 O-O-O 17. Ne2 Qxc3+ 18. Bxc3 Nd7 19. O-O Nc5 20. Rfd1 Rxd1+ 21. Rxd1 Rd8 22. Rxd8+ Kxd8 23. g4 Nd6 24. Nd4 Nxc4 25. Nxc6+ bxc6 26. Bd4 Nb3 27. Bxa7 f5 28. g5 Ke7 29. a4 Nb2 30. Bf1 Nxa4 31. h4 Nd2 32. Be2 Nf3+ 33. Bxf3 exf3 34. Kh2 e5 35. Kg3 e4 36. Kf4 Ke6 37. h5 Nc3 38. g6 hxg6 39. hxg6 Nd5+ 40. Kg5 e3 41. fxe3 f2 42. e4 f1=Q 43. exf5+ Qxf5+ 44. Kh6 Ne7 0-1


[Site "https://www.chess.com"]

[Event "Titled Tuesday Blitz October 11 Early 2022"]
[White "Timofeev, Artyom"]
[Black "Krishnan, Varun"]
[WhiteFideId "4140419"]
[BlackFideId "5054508"]
[WhiteElo "2579"]
[BlackElo "2625"]
[Result "1/2-1/2"]
[Round "04"]
[TimeControl "180+1"]
[Date "2022.10.11"]
[WhiteClock "0:00:05"]
[BlackClock "0:00:03"]

1. e4 c5 2. Nf3 d6 3. d4 cxd4 4. Nxd4 Nf6 5. Nc3 g6 6. Bg5 Bg7 7. Nb3 a6 8. Be2 O-O 9. O-O b5 10. Bf3 Ra7 11. Re1 Rd7 12. Qd2 Bb7 13. Bh6 d5 14. e5 Ne4 15. Bxe4 dxe4 16. Qf4 Bxh6 17. Qxh6 Qc7 18. Nxe4 Qxe5 19. Nec5 Qd5 20. Nxb7 Rxb7 21. Rad1 Qf5 22. Nd4 Qf6 23. Nf3 Nc6 24. c3 b4 25. cxb4 Nxb4 26. a3 Nc2 27. Re2 Rxb2 28. h4 Rfb8 29. Red2 e6 30. Ng5 Rb1 31. Qxh7+ Kf8 32. Qh6+ Kg8 33. h5 Rxd1+ 34. Rxd1 Qg7 35. Qxg7+ Kxg7 36. h6+ Kxh6 37. Nxf7+ Kg7 38. Rd7 Nxa3 39. Nd8+ Kg8 40. Nxe6 Rb1+ 41. Kh2 Rb6 42. Rg7+ Kh8 43. Rxg6 Nc4 44. f4 a5 45. f5 a4 46. Rh6+ Kg8 47. Kg3 a3 48. Rh1 a2 49. Ra1 Ne3 50. Kf4 Nd5+ 51. Ke5 Nc3 52. Nd4 Rb1 53. Nc2 Kf7 54. g4 Rxa1 55. Nxa1 Ne2 56. g5 Nc1 57. Nc2 Nd3+ 58. Kd6 Nb4 59. Na1 Nd3 60. Kd5 Nf4+ 61. Ke4 Ne2 62. Ke3 Nc3 63. Kd3 Nd5 64. Kc2 Ne3+ 65. Kb2 Nxf5 66. Kxa2 Kg6 67. Nb3 Kxg5 1/2-1/2


[Site "https://www.chess.com"]